 Dungeon Crawl Stone Soup version 0.32-a0-411-g744942f433 (console) character file.

Game seed: 7347493637543099332

743825 Banquo the Annihilator (level 27, -6/224 HPs)
             Began as a Djinni Air Elementalist on Feb 20, 2024.
             Was the Champion of the Shining One.
             Mangled by Wepitaikur the pandemonium lord (16 damage)
             ... on level 21 of a ziggurat on Feb 25, 2024.
             The game lasted 10:35:41 (77475 turns).

Banquo the Annihilator (Djinni Air Elementalist)   Turns: 77475, Time: 10:35:41

Health: -6/224     AC: 13    Str: 13    XL:     27
Gold:   10054      EV: 27    Int: 41    God:    the Shining One [******] SH: 32 Dex: 23

rFire   + + .        a - +5 spear {speed, rElec rC+ Int+3}
rCold   + + .        i - +0 kite shield {reflect}
rNeg    + + +        d - +3 troll leather armour
rPois   ∞            h - +2 hat {Int+3}
rElec   +            e - +1 cloak {rCorr}
rCorr   +            g - +1 pair of gloves {Dex+3}
SInv    .            (boots unavailable)
Will    ++...        Q - amulet "Haduec" {Faith Rampage Will+ Regen+}
Stlth   +            W - ring of wizardry
HPRegen 2.17/turn    R - ring "Cafrua" {rC++ Will- MP+9 Str+8 Int+4}
MPRegen 0.00/turn

%: reflection, rampage, faith, wizardry (x1), infuse magic (-7 HP)
@: divinely shielded, flying, glowing, studying 4 skills
A: sickness immunity, fire resistance 2, cold vulnerability 1, float, innate
caster, HP casting, extra vitality 1, agile 1, clever 1, deformed body, wild
magic 1
}: 4/15 runes: decaying, serpentine, slimy, silver
a: Renounce Religion, Divine Shield, Cleansing Flame, Summon Divine Warrior,
Brand Weapon With Holy Wrath


You were on level 21 of a ziggurat.
You worshipped the Shining One.
The Shining One was exalted by your worship.
You visited 12 branches of the dungeon, and saw 56 of its levels.
You visited the Abyss 1 time.
You visited 1 ziggurat, and saw 21 of its levels.
You also visited: Trove, Gauntlet and Volcano.

You collected 14119 gold pieces.
You spent 4065 gold pieces at shops.

Inventory:

Hand Weapons
 a - the +5 spear of Xauth (weapon) {speed, rElec rC+ Int+3}
   (You found it on level 4 of the Vaults)

   Int+3:     It affects your intelligence (+3).
   rC+:       It protects you from cold.
   rElec:     It insulates you from electricity.
 b - the +9 long sword of Casun {holy, *Noise Will+ Stlth+}
   (You took it off a deep elf demonologist on level 3 of the Elven Halls)

   Will+:     It increases your willpower.
   *Noise:    It may make a loud noise when swung.
   Stlth+:    It makes you more stealthy.
 j - a +2 demon whip of electrocution
 y - the +4 falchion "Concordance" {protect, rPois Dex+5 SInv}
   (You found it on level 5 of a ziggurat)

   Dex+5:     It affects your dexterity (+5).
   rPois:     It protects you from poison SInv: It lets you see invisible.
 M - a +2 eudemon blade of holy wrath
Armour
 d - a +3 troll leather armour (worn)
 e - a +1 cloak of preservation (worn)
 g - a +1 pair of gloves of dexterity (worn)
 h - a +2 hat of intelligence (worn)
 i - a +0 kite shield of reflection (worn)
 m - a +1 cloak of willpower
 w - the +13 ice dragon scales "Icvia" {Harm +Blink rF- rC++}
   (You found it on level 4 of a ziggurat)

   rF-:       It makes you vulnerable to fire.
   rC++:      It greatly protects you from cold.
   +Blink:    It lets you blink.
   Harm:      It increases damage dealt and taken.
Magical Staves
 z - the staff of the Reaper {rF+ Will+ Fire}
   (You found it on level 5 of a ziggurat)

   [staff of fire]

   Base accuracy: +5 Base damage: 5 Base attack delay: 1.2 This weapon's minimum
   attack delay (0.6) is reached at skill level 12.
   rF+:       It protects you from fire.
   Will+:     It increases your willpower.
   Fire:      It increases the power of your Fire spells.
   It falls into the 'Staves' category.
   It is a one-handed weapon.
 A - the staff of Soft Guilt {rElec Int+3 Conj Air}
   (You found it on level 14 of a ziggurat)

   [staff of air]

   Base accuracy: +5 Base damage: 5 Base attack delay: 1.2 This weapon's minimum
   attack delay (0.6) is reached at skill level 12.
   Int+3:     It affects your intelligence (+3).
   rElec:     It insulates you from electricity.
   Conj:      It increases the power of your Conjurations spells.
   Air:       It increases the power of your Air spells.
   It falls into the 'Staves' category.
   It is a one-handed weapon.
Jewellery
 u - the amulet of the Jumping Enemy {rN+ Will+ Regen+ MP-9 Int+3}
   (You bought it in a shop on level 2 of the Snake Pit)

   [amulet of regeneration]

   Int+3:     It affects your intelligence (+3).
   rN+:       It protects you from negative energy.
   Will+:     It increases your willpower.
   MP-9:      It affects your magic capacity (-9).
   Regen+:    It increases your rate of health regeneration.
 v - a ring of protection from cold
 F - a +5 ring of evasion
 Q - the amulet "Haduec" (around neck) {Faith Rampage Will+ Regen+}
   (You found it on level 13 of a ziggurat)

   [amulet of faith]

   Faith:     It allows you to gain divine favour quickly.
   Will+:     It increases your willpower.
   Regen+:    It increases your rate of health regeneration.
   Rampage:   It bestows one free step when moving towards enemies.
 R - the ring "Cafrua" (right hand) {rC++ Will- MP+9 Str+8 Int+4}
   (You found it on level 13 of a ziggurat)

   [ring of magical power]

   Str+8:     It affects your strength (+8).
   Int+4:     It affects your intelligence (+4).
   rC++:      It greatly protects you from cold.
   Will-:     It decreases your willpower.
   MP+9:      It affects your magic capacity (+9).
 T - the ring "Qeko" {+Blink rPois Int+2}
   (You found it on level 5 of the Dungeon)

   [ring of poison resistance]

   Int+2:     It affects your intelligence (+2).
   rPois:     It protects you from poison +Blink: It lets you blink.
 W - a ring of wizardry (left hand)
Wands
 k - a wand of light (71)
 r - a wand of roots (116)
 H - a wand of mindburst (90)
 P - a wand of digging (16)
Scrolls
 l - 21 scrolls of fog
 o - 13 scrolls of enchant weapon
 q - 8 scrolls of poison
 x - 4 scrolls of revelation
 C - 2 scrolls of butterflies
 D - 5 scrolls of enchant armour
 E - 27 scrolls of teleportation
 O - 2 scrolls of silence
 S - 17 scrolls of blinking
 U - 7 scrolls of fear
 V - 3 scrolls of brand weapon
Potions
 c - 34 potions of curing
 f - 11 potions of haste
 n - 8 potions of enlightenment
 p - 15 potions of might
 s - 5 potions of brilliance
 B - 5 potions of ambrosia
 G - 8 potions of resistance
 I - 2 potions of experience
 J - 15 potions of heal wounds
 K - 16 potions of mutation
 L - 6 potions of cancellation
Miscellaneous
 t - a lightning rod (4/4)


   Skills:
 - Level 26.0 Fighting
 - Level 12.8(13.9) Short Blades
 - Level 8.8(12.0) Long Blades
 - Level 12.0 Polearms
 - Level 14.0 Armour
 - Level 18.0 Dodging
 - Level 1.5 Stealth
 O Level 27 Shields
 + Level 26.7 Spellcasting
 O Level 27 Conjurations
 + Level 26.7 Hexes
 + Level 26.7 Summonings
 + Level 26.7 Necromancy
 + Level 26.7 Translocations
 + Level 26.7 Fire Magic
 O Level 27 Ice Magic
 + Level 26.7 Air Magic
 + Level 26.7 Earth Magic
 + Level 26.7 Alchemy
 - Level 15.0 Invocations


You knew the following spells:

 Your Spells              Type           Power      Damage    Failure   Level
a - Airstrike             Air            75%        2d(11-27) 1%          4
b - Iskenderun's Battles  Conj           100%       2d15      1%          5
c - Lehudib's Crystal Sp  Conj/Erth      75%        10d17     1%          8
d - Static Discharge      Conj/Air       100%       3-8/arc   1%          2
e - Enfeeble              Hex            75%        N/A       1%          7
g - Shock                 Conj/Air       100%       1d9       1%          1
h - Vhi's Electric Charg  Tloc/Air       100%       N/A       1%          4
i - Ignition              Fire           75%        3d20      1%          8
l - Conjure Ball Lightni  Conj/Air       75%        3x3d28    1%          6
m - Summon Small Mammal   Summ           100%       N/A       1%          1
s - Shatter               Erth           75%        3d55*     1%          9
v - Summon Mana Viper     Hex/Summ       100%       N/A       1%          5
z - Stone Arrow           Conj/Erth      100%       3d13      1%          3
D - Discord               Hex            75%        N/A       1%          8
J - Call Imp              Summ           100%       N/A       1%          2
K - Sculpt Simulacrum     Ice/Alch       75%        N/A       1%          6
M - Swiftness             Air            100%       N/A       1%          3
Your spell library was empty.

Dungeon Overview and Level Annotations

Branches:
Dungeon (15/15)            Temple (1/1) D:5            Lair (5/5) D:11
  Swamp (4/4) Lair:3        Snake (4/4) Lair:2        Slime (5/5) Lair:4
    Orc (2/2) D:12            Elf (3/3) Orc:2        Vaults (5/5) D:13
  Crypt (3/3) Vaults:3       Tomb (0/3) Crypt:3      Depths (4/4) D:15
    Zot (5/5) Depths:4    Volcano (visited)         Gauntlet (visited)

Altars:
Ashenzari
Cheibriados
Dithmenos
Elyvilon
Fedhas
Gozag
Hepliaklqana
Makhleb
Nemelex Xobeh
Okawaru
Qazlal
Ru
Trog
Uskayaw
Wu Jian
Xom
Yredelemnul
Zin
The Shining One
Beogh
Jiyva

Shops:
D:1 [:[=?   D:4 ?   Orc:2 ?!(:   Elf:2 ?*   Snake:2 (=(   Snake:4 =:
Vaults:5 *   Depths:1 ?[[*[   Depths:4 [

Portals:
Hell: Depths:1 Depths:2 Depths:3 Depths:4
Abyss: Depths:3
Pandemonium: Orc:2 Depths:1 Depths:2

Annotations:
Elf:2 3 runed translucent doors
Vaults:3 gold vault


Innate Abilities, Weirdness & Mutations

You are immune to sickness and miasma.
You are immune to poison.
Your flesh is very heat resistant. (rF++)
You are vulnerable to cold. (rC-)
You float through the air rather than walking.
You learn spells naturally, not from books.
Your magical power is your life essence.
You have superior vitality. (+4 MHP)
You are agile. (Dex +4, Str/Int -1)
Your mind is acute. (Int +4, Str/Dex -1)
Armour fits poorly on your strangely shaped body.
Your spells are a little harder to cast, but a little more powerful.


Message History

Casting: Shatter (mildly dangerous; 1% risk of failure)
Confirm with . or Enter, or press ? or * to list all spells.
Aiming: Lehudib's Crystal Spear (mildly dangerous; 1% risk of failure)
Press: ? - help, Shift-Dir - straight line, f - Wepitaikur
Aim: Wepitaikur, armed with an antimagic touch (silenced, lightly wounded, haloed, 91% to hit)
Okay, then.
Casting: Lehudib's Crystal Spear (mildly dangerous; 1% risk of failure)
Confirm with . or Enter, or press ? or * to list all spells.
Aiming: Enfeeble (safe; 1% risk of failure)
Press: ? - help, Shift-Dir - straight line, f - Wepitaikur
Aim: Wepitaikur, armed with an antimagic touch (silenced, lightly wounded, haloed, will inflict weakness, chance to daze and blind: 6%) Wepitaikur partially resists.
Wepitaikur is enfeebled!
* * * LOW HITPOINT WARNING * * *
A protean progenitor comes into view.
Casting: Enfeeble (safe; 1% risk of failure)
Confirm with . or Enter, or press ? or * to list all spells.
Aiming: Lehudib's Crystal Spear (mildly dangerous; 1% risk of failure)
Press: ? - help, Shift-Dir - straight line, f/p - Wepitaikur
Aim: Wepitaikur, armed with an antimagic touch (lightly wounded, weak, haloed, 91% to hit)
The crystal spear hits Wepitaikur!!!!
Wepitaikur is heavily wounded.
* * * LOW HITPOINT WARNING * * *
Diufrutzeo comes into view. It is armed with an antimagic touch.
Wepitaikur completely misses you.
An apocalypse crab comes into view.
Kaosk gestures.
Kaosk's surroundings become eerily quiet.
An apocalypse crab comes into view.
Wuigah gestures at you.
The bolt of dispelling energy hits you!!
You feel strangely stable.
Your magical effects are unravelling.
* * * LOW HITPOINT WARNING * * *
The Killer Klown pies you viciously!
Your +0 kite shield of reflection blocks the klown pie... and reflects it back!
The klown pie hits the Killer Klown!!!
You kill the Killer Klown!
You feel yourself slow down.
You feel your willpower return. Wepitaikur attacks as it pursues you!
Wepitaikur trunk-slaps you!
You die...

▓ ▓▓▓.▓▓▓▓▓▓▓▓
.......)...▓▓▓
.............▓▓▓
.......@.......▓▓
...t....&..≈.≈...
.................
...&).....†≈.≈...
............t.............
.......................†..
.........................†
.....°○.....).&.......C...
2.....☼§..&............†&.,


You could see Diufrutzeo, Wepitaikur (weak), Wuigah, a protean progenitor and 2
apocalypse crabs.

Vanquished Creatures
  the Royal Jelly (Slime:5)
  Dissolution (Slime:3)
  5 dread liches
  12 ancient liches
  5 orbs of fire
  Mara (Snake:2)
  2 royal mummies (Zig:12)
  4 pandemonium lords (Zig:21)
  Bai Suzhen (Swamp:3)
  12 Killer Klowns
  Vashnia (Snake:3)
  2 caustic shrikes
  8 golden dragons
  Norris (Depths:1)
  Jory (Vaults:3)
  3 bone dragons
  2 pearl dragons (Zig:8)
  3 electric golems
  4 hellephants
  4 Brimstone Fiends (Zig:18)
  Jorgrun (Swamp:2)
  Rupert (D:13)
  27 tentacled monstrosities
  5 liches
  A Hell Sentinel (Zig:7)
  A shard shrike skeleton (Crypt:1)
  Mlioglotl (Swamp:4)
  25 Orb Guardians (Zot:5)
  11 titans
  5 deep elf blademasters
  4 deep elf master archers
  An eldritch tentacle (Zig:21)
  2 tentacled starspawn (Zot:4)
  9 searing wretches (Zig:18)
  3 quicksilver dragons
  9 sphinxes
  21 acid blobs
  8 ancient champions
  7 death cobs
  15 tengu reavers
  Donald (Swamp:4)
  10 draconian monks
  4 draconian knights
  4 fenstrider witches
  Roxanne (Swamp:4)
  17 azure jellies
  16 storm dragons
  18 shadow dragons
  5 revenants
  2 fenstrider witches (shapeshifter) (Zig:21)
  3 daevas (Zig:8)
  8 rockslimes
  A thorn hunter (Zig:4)
  13 protean progenitors
  14 nagarajas
  An emperor scorpion (Zig:14)
  2 quicksilver elementals (Zig:7)
  9 draconian shifters
  18 fire giants
  13 draconian scorchers
  11 ghost moths
  7 balrugs (Zig:18)
  5 iron dragons
  2 deep elf sorcerers (Elf:3)
  16 frost giants
  14 vault wardens
  An orc warlord (Vaults:2)
  2 deep elf elementalists (Elf:3)
  A juggernaut zombie (Crypt:3)
  6 draconian stormcallers
  5 ghouls
  A broodmother (Zot:2)
  2 angels (Zig:8)
  2 caustic shrike zombies (Zot:4)
  4 draconian annihilators
  4 caustic shrike skeletons
  20 stone giants
  16 very ugly things
  16 ironbound preservers
  8 formless jellyfish
  A juggernaut skeleton (Crypt:3)
  8 vampire knights
  12 quicksilver oozes
  9 ironbound thunderhulks
  2 ophanim (Zig:8)
  A spriggan defender (Depths:2)
  7 eleionomae
  12 green draconians
  An apis (D:14)
  11 deep elf demonologists
  14 deep elf annihilators
  A dire elephant (Vaults:1)
  A minotaur (Gauntlet)
  A halazid warlock (Zot:4)
  4 bunyips
  4 black draconians
  12 red draconians
  7 deep elf death magi
  8 white draconians
  8 lorocyprocas (Zot:4)
  8 yellow draconians
  20 spark wasps
  4 war gargoyles
  An acid blob zombie (Crypt:1)
  4 purple draconians
  7 eidola
  An iron golem (Zig:7)
  2 merfolk impalers
  2 entropy weavers
  Josephine (D:13)
  10 jiangshi
  26 ettins
  13 yaktaur captains
  3 crystal guardians
  3 shambling mangroves
  A spriggan zombie (Crypt:2)
  12 fire dragons
  12 deep elf high priests
  A hell beast (Depths:3)
  10 great orbs of eyes
  Erolcha (D:8)
  3 rakshasas
  38 vault guards
  7 salamander tyrants
  6 ogre magi
  A sphinx zombie (Vaults:4)
  6 ironbound frosthearts
  7 alligators
  2 peacekeepers
  A radroach (Zot:4)
  An anaconda (shapeshifter) (Vaults:5)
  4 ghost crabs
  13 ice dragons
  2 demonspawn (Orc:2)
  6 spriggan air magi
  19 hydras
  4 spriggan skeletons
  14 anacondas
  2 sphinx skeletons
  2 centaur warriors
  4 death knights
  A fenstrider witch skeleton (Crypt:1)
  19 dancing weapons
  3 merfolk aquamancers (Zig:14)
  20 two-headed ogres
  5 boulder beetles
  7 deep troll shamans
  An alligator snapping turtle (shapeshifter) (Zig:21)
  11 deep troll earth magi
  16 naga warriors
  14 vampire magi
  2 death yaks
  4 orc high priests (Orc:2)
  3 hell hogs
  8 shock serpents
  11 spriggan berserkers
  A titan zombie (Depths:3)
  2 occultists (Depths:4)
  7 tengu warriors
  A sun demon (Orc:2)
  A crystal echidna (Zig:7)
  14 naga sharpshooters
  3 hell knights
  12 iron trolls
  5 soul eaters
  A skyshark (shapeshifter) (Depths:2)
  7 salamander mystics
  19 deep elf knights
  6 titan skeletons
  4 skysharks
  44 deep trolls
  Lodul (D:13)
  3 sea snakes (shapeshifter)
  10 goliath frogs
  4 glowing orange brains
  2 pharaoh ants
  A cherub (Zig:8)
  A golden dragon zombie (Depths:2)
  2 glowing orange brains (shapeshifter)
  43 skeletal warriors
  5 spriggan druids
  2 death drakes (Zig:9)
  16 swamp dragons
  2 storm dragon skeletons
  A ghost moth zombie (Crypt:1)
  6 arcanists
  14 phantasmal warriors
  A quicksilver dragon simulacrum (Depths:3)
  8 mana vipers
  3 naga ritualists
  6 bog bodies
  A deep troll (shapeshifter) (Vaults:5)
  A harpy (shapeshifter) (Zot:4)
  5 flayed ghosts
  13 ironbound convokers
  10 lindwurms
  3 harpies (Vaults:3)
  3 steelbarb worms (shapeshifter)
  11 orc knights
  An iron giant skeleton (Crypt:3)
  An anaconda skeleton (Crypt:3)
  18 deep elf archers
  A wolf spider zombie (Crypt:3)
  2 eyes of devastation (shapeshifter)
  27 deep elf pyromancers
  4 will-o-the-wisps
  A wolf spider (shapeshifter) (Zot:4)
  A sun moth (shapeshifter) (Vaults:5)
  A fire giant zombie (Depths:2)
  26 deep elf zephyrmancers
  4 shining eyes
  15 necromancers
  8 orc sorcerers
  30 ugly things
  7 manticores
  2 wolf spiders
  An iron dragon zombie (Crypt:1)
  4 cyclopes
  A manticore (shapeshifter) (Elf:2)
  5 elephants
  13 salamanders
  An elephant (shapeshifter) (Vaults:5)
  A kobold blastminer (Orc:2)
  2 moths of wrath (shapeshifter)
  2 centaur zombies (D:14)
  37 moths of wrath
  An apocalypse crab (Zig:1)
  35 black mambas
  14 guardian serpents
  23 naga magi
  A stone giant skeleton (Crypt:3)
  A titan simulacrum (Depths:3)
  A dire elephant zombie (Crypt:1)
  10 vault sentinels
  8 water nymphs
  5 torpor snails
  2 eyes of devastation
  A swamp worm zombie (Crypt:3)
  3 unseen horrors
  4 centaur skeletons
  A kobold demonologist (D:11)
  A yellow draconian zombie (Crypt:2)
  4 hellions
  18 cane toads
  A tormentor (Depths:2)
  4 rime drakes
  A mana viper skeleton (Crypt:2)
  22 yaktaurs
  Psyche (D:11)
  An orb spider zombie (Crypt:2)
  2 ice devils (Orc:2)
  An efreet (Zot:2)
  7 freezing wraiths
  A bunyip simulacrum (Crypt:1)
  4 guardian mummies (Crypt:3)
  6 komodo dragons
  2 alligator snapping turtle skeletons
  A yaktaur skeleton (Vaults:4)
  2 ancient zymes (Zig:3)
  4 tengu conjurers
  A red devil (Orc:2)
  2 bloated husks
  A hellwing (Orc:2)
  A tengu simulacrum (Depths:2)
  20 hornets
  A polar bear (shapeshifter) (Elf:1)
  2 polar bears (Lair:3)
  A harpy zombie (Crypt:1)
  A merfolk (Zig:14)
  A moth of wrath zombie (Crypt:3)
  2 merfolk (shapeshifter)
  10 trolls
  3 glass eyes
  2 wind drakes
  The ghost of discipleofbeogh the Firebug, an amateur MDFE (D:3)
  A tarantella (Zig:14)
  3 harpy skeletons
  5 human skeletons (Vaults:4)
  A meliai zombie (D:14)
  11 tyrant leeches
  7 dream sheep (Lair:3)
  16 blink frogs
  An iron dragon simulacrum (Depths:3)
  2 dream sheep (shapeshifter)
  89 slime creatures
  A fire giant simulacrum (Depths:3)
  An ettin skeleton (Crypt:3)
  A snapping turtle (shapeshifter) (Zig:21)
  A culicivora (Zig:16)
  A centaur simulacrum (D:10)
  14 spriggans
  7 air elementals
  A black mamba zombie (Crypt:2)
  A jumping spider (Zig:16)
  A shadow (D:12)
  A satyr skeleton (Crypt:2)
  10 wraiths
  2 vampires
  A black mamba skeleton (Crypt:3)
  A warg (Orc:1)
  14 water elementals
  34 yaks
  6 wyverns
  3 redbacks
  3 fire bats (Gauntlet)
  5 golden eyes (Slime:2)
  12 fire elementals
  5 humans (D:13)
  2 vampire mosquitoes (D:12)
  7 steam dragons
  2 basilisks
  A redback (shapeshifter) (Vaults:5)
  46 nagas
  2 swamp worms (shapeshifter)
  2 chaos spawn (Zig:21)
  A two-headed ogre zombie (Crypt:3)
  2 acid dragons
  3 harpy simulacra (Crypt:1)
  A glowing shapeshifter zombie (Depths:2)
  17 swamp worms
  A hell hound (Gauntlet)
  4 swamp drakes
  18 water moccasins
  A naga skeleton (Crypt:3)
  A hydra simulacrum (Crypt:2)
  28 orc warriors
  4 sky beasts
  An ettin simulacrum (Crypt:1)
  2 ice beasts
  2 black bears
  An elephant zombie (Crypt:3)
  2 spriggan simulacra (Depths:2)
  18 laughing skulls
  An elephant skeleton (Crypt:2)
  26 wolves
  21 ogres
  4 centaurs
  A weeping skull (Gauntlet)
  10 earth elementals
  2 kobold brigands
  A gnoll sergeant (D:10)
  14 bullfrogs
  A wyvern zombie (Crypt:3)
  An elf skeleton (Crypt:2)
  A naga simulacrum (Crypt:1)
  A scorpion (D:5)
  25 wights
  A wyvern skeleton (D:3)
  4 killer bees (D:9)
  6 howler monkeys
  3 jellies
  2 lava snakes (D:14)
  A wolf skeleton (Crypt:1)
  A bullfrog zombie (D:3)
  A bombardier beetle (D:4)
  2 hounds
  A gnoll bouda (D:7)
  17 orc priests
  2 sleepcaps (D:6)
  A boggart zombie (Crypt:2)
  11 iguanas
  5 hell rats (Lair:4)
  23 orc wizards
  A mummy (D:3)
  12 gnolls
  6 adders
  A swamp drake skeleton (Crypt:1)
  2 shadow imps
  A white imp (D:7)
  2 ufetubi (D:6)
  A lava snake zombie (Crypt:3)
  2 dart slugs
  3 ribbon worms
  66 orcs
  A bat zombie (Crypt:1)
  8 endoplasms
  3 giant cockroaches
  20 goblins
  7 hobgoblins
  4 jackals (D:4)
  13 kobolds
  4 quokkas
  7 ball pythons
  6 bats
  6 frilled lizards
  A jackal zombie (Crypt:3)
  2 rats (D:1)
  20 aspiring fleshes
  4 butterflies (Zot:4)
2653 creatures vanquished.

Vanquished Creatures (collateral kills)
  A bone dragon (Depths:4)
  2 sphinxes
  A tengu reaver (Vaults:5)
  A storm dragon (Depths:4)
  3 nagarajas (Zig:19)
  An azure jelly (Slime:4)
  4 vault wardens
  A frost giant (Depths:3)
  A fire giant (Depths:4)
  A balrug (Zig:18)
  4 ironbound preservers
  An orc warlord (Vaults:2)
  10 very ugly things
  A spriggan defender (Depths:3)
  An ironbound thunderhulk (Vaults:4)
  2 eleionomae
  2 red draconians (Zot:1)
  3 dire elephants (Vaults:4)
  A spark wasp (Depths:2)
  A black draconian (Depths:4)
  A purple draconian (Zot:1)
  A war gargoyle (Vaults:3)
  An eidolon (Crypt:2)
  2 jiangshi (Depths:2)
  2 fire dragons
  2 yaktaur captains
  2 vault guards
  A great orb of eyes (Vaults:4)
  A hydra (Lair:5)
  A peacekeeper (Vaults:3)
  2 anacondas
  A spriggan air mage (Zig:17)
  A ghost crab (Zig:17)
  A catoblepas (Lair:4)
  3 salamander tyrants (Zig:19)
  2 centaur warriors (Vaults:4)
  An ironbound frostheart (Vaults:3)
  An alligator (Zig:17)
  A naga warrior (Snake:4)
  6 death yaks
  A spriggan berserker (Depths:3)
  3 naga sharpshooters
  3 hell knights (Vaults:4)
  2 iron trolls
  2 skeletal warriors (Crypt:2)
  A skyshark (Lair:5)
  A flayed ghost (Depths:2)
  17 deep trolls
  A goliath frog (Zig:17)
  A naga ritualist (Zig:19)
  2 arcanists (Vaults:4)
  3 ironbound convokers
  3 necromancers (Vaults:4)
  3 salamanders
  6 orc knights (Vaults:2)
  14 ugly things
  4 black mambas
  A guardian serpent (Snake:4)
  A torpor snail (Lair:5)
  6 vault sentinels
  3 cane toads
  3 naga magi
  A hellion (Zig:18)
  A rime drake (Lair:5)
  12 yaktaurs
  An elf skeleton (Vaults:4)
  3 tyrant leeches
  A bloated husk (Zig:17)
  4 hornets
  9 slime creatures
  A spriggan (Zig:17)
  12 yaks
  A wyvern (Lair:3)
  A human (D:13)
  2 redbacks
  A yaktaur simulacrum (Vaults:4)
  5 nagas
  A swamp drake (Lair:5)
  A black bear (Lair:3)
  An ogre (D:13)
  A centaur (D:10)
  A wolf (Lair:5)
  An iguana (Lair:5)
  A hell rat (Lair:4)
  2 ball lightnings
  A butterfly (Lair:4)
221 creatures vanquished.

Vanquished Creatures (others)
  A bone dragon (Depths:4)
  A tengu reaver (Vaults:5)
  A fenstrider witch (Zig:17)
  A protean progenitor (Zot:3)
  2 draconian monks (Zot:3)
  A fire giant (Depths:3)
  A draconian knight (Zot:3)
  A draconian shifter (Zot:3)
  An orc warlord (Vaults:2)
  5 very ugly things
  2 draconian annihilators (Zot:3)
  2 draconian stormcallers (Zot:3)
  A spark wasp (Depths:3)
  9 red draconians
  2 bunyips (Zig:17)
  A jiangshi (Crypt:2)
  A vault guard (D:13)
  A hydra (Zig:17)
  A centaur warrior (Vaults:4)
  5 salamander tyrants (Zig:19)
  An occultist (Depths:2)
  A deep troll earth mage (Depths:4)
  A naga sharpshooter (Zig:19)
  2 deep trolls
  A skeletal warrior (Crypt:2)
  A spriggan druid (Zig:17)
  A swamp dragon (Zig:17)
  An ironbound convoker (Vaults:2)
  An orc knight (Vaults:2)
  A deep elf pyromancer (Zig:20)
  2 ugly things (Depths:2)
  A moth of wrath (Zot:1)
  A vault sentinel (Vaults:4)
  An efreet (Zot:3)
  5 yaktaurs
  A harpy zombie (Crypt:1)
  16 fire elementals (Zot:3)
  A redback (Vaults:4)
  278 ball lightnings
  4 foxfires
  2 starspawn tentacles (Zot:4)
363 creatures vanquished.

Grand Total: 3237 creatures vanquished

Notes
Turn   | Place    | Note
-------+----------+-------------------------------------------
     0 | D:1      | Banquo the Djinni Air Elementalist began the quest for the
                  | Orb.
     0 | D:1      | Banquo set off with the following spells memorised: Shock,
                  | Static Discharge, Swiftness, Airstrike.
     0 | D:1      | Reached XP level 1. HP: 15/15 MP: 0/0
    99 | D:1      | Reached XP level 2. HP: 21/22 MP: 0/0
   112 | D:1      | Reached skill level 1 in Fighting
   190 | D:1      | Found Ycu Gan's Magic Scroll Shoppe.
   320 | D:1      | Reached XP level 3. HP: 26/27 MP: 0/0
   320 | D:1      | Learned a level 1 spell: Summon Small Mammal
   336 | D:1      | Found Sozearage's Book Boutique.
   407 | D:1      | Found Guate's Antique Armour Shoppe.
   538 | D:1      | Reached XP level 4. HP: 20/33 MP: 0/0
   674 | D:1      | Found Etosmuet's Antique Armour Boutique.
   780 | D:1      | Found Etopava's Jewellery Shoppe.
  1396 | D:2      | Reached XP level 5. HP: 33/40 MP: 0/0
  1396 | D:2      | Learned a level 2 spell: Call Imp
  1786 | D:2      | Reached XP level 6. HP: 46/46 MP: 0/0
  2245 | D:3      | Found a snail-covered altar of Cheibriados.
  2284 | D:3      | Found a transporter.
  2288 | D:3      | Noticed discipleofbeogh's ghost (amateur MDFE)
  2290 | D:3      | Found a transporter.
  2806 | D:3      | Found a blossoming altar of Fedhas.
  2919 | D:4      | Found Zastemp's Magic Scroll Shop.
  2922 | D:4      | Bought a scroll of identify for 24 gold pieces
  3083 | D:4      | Identified the +3 leather armour of the Date {Rampage}
  3371 | D:4      | Reached XP level 7. HP: 52/52 MP: 0/0
  3371 | D:4      | Learned a level 3 spell: Stone Arrow
  3610 | D:5      | Entered Level 5 of the Dungeon
  3620 | D:5      | Reached skill level 1 in Armour
  3831 | D:5      | Reached skill level 5 in Spellcasting
  3831 | D:5      | Reached skill level 5 in Conjurations
  3831 | D:5      | Reached skill level 5 in Hexes
  3831 | D:5      | Reached skill level 5 in Summonings
  3831 | D:5      | Reached skill level 5 in Necromancy
  3831 | D:5      | Reached skill level 5 in Translocations
  3831 | D:5      | Reached skill level 5 in Fire Magic
  3831 | D:5      | Reached skill level 5 in Ice Magic
  3831 | D:5      | Reached skill level 5 in Air Magic
  3831 | D:5      | Reached skill level 5 in Earth Magic
  3831 | D:5      | Reached skill level 5 in Alchemy
  3957 | D:5      | Reached XP level 8. HP: 54/58 MP: 0/0
  4047 | D:5      | Found a sacrificial altar of Ru.
  4074 | D:5      | Identified the ring "Qeko" {+Blink rPois Int+2}
  4127 | D:5      | Reached skill level 5 in Fighting
  4196 | D:5      | Found a basalt altar of Yredelemnul.
  4258 | D:5      | Found a staircase to the Ecumenical Temple.
  4266 | Temple   | Entered the Ecumenical Temple
  4282 | Temple   | Became a worshipper of Ashenzari the Shackled
  4701 | D:6      | Identified the +0 pair of gloves "Nufier" {rC- rN+ Stlth+}
  4950 | D:6      | Reached skill level 5 in Dodging
  5559 | D:7      | Noticed a hornet
  5561 | D:7      | Killed a hornet
  5562 | D:7      | Reached XP level 9. HP: 59/66 MP: 0/0
  5562 | D:7      | Learned a level 4 spell: Vhi's Electric Charge
  5836 | D:7      | Reached skill level 5 in Armour
  5960 | D:7      | Reached * piety under Ashenzari
  6035 | D:7      | Found a glowing silver altar of Zin.
  6398 | D:8      | Reached ** piety under Ashenzari
  6503 | D:8      | Reached XP level 10. HP: 71/73 MP: 0/0
  6643 | D:8      | Noticed a two-headed ogre
  6647 | D:8      | Killed a two-headed ogre
  6992 | D:9      | Noticed Erolcha
  7645 | D:8      | Killed Erolcha
  7843 | D:9      | Noticed a two-headed ogre
  7847 | D:9      | Killed a two-headed ogre
  7848 | D:9      | Reached skill level 10 in Conjurations
  7848 | D:9      | Reached XP level 11. HP: 71/82 MP: 0/0
  7848 | D:9      | Learned a level 5 spell: Summon Mana Viper
  8113 | D:9      | Reached skill level 1 in Shields
  8114 | D:9      | Identified a scroll of acquirement
  8435 | D:10     | Entered Level 10 of the Dungeon
  8969 | D:1      | Bought a scroll of blinking for 105 gold pieces
  8969 | D:1      | Bought a scroll of blinking for 105 gold pieces
  8970 | D:1      | Acquired 853 gold pieces
  8973 | D:1      | Bought a scroll of teleportation for 42 gold pieces
  9024 | D:1      | Bought a pair of runed gloves for 202 gold pieces
  9075 | D:1      | Bought a runed helmet for 165 gold pieces
  9730 | D:11     | Found a staircase to the Lair.
  9934 | D:11     | Noticed a two-headed ogre
 10144 | D:11     | Reached skill level 5 in Shields
 10280 | D:11     | Killed a two-headed ogre
 10281 | D:11     | Reached skill level 10 in Fighting
 10364 | D:11     | Noticed a two-headed ogre
 10480 | D:11     | Noticed Psyche
 10487 | D:11     | Killed Psyche
 10654 | D:11     | Killed a two-headed ogre
 10655 | D:11     | Reached XP level 12. HP: 82/91 MP: 0/0
 10738 | Lair:1   | Entered Level 1 of the Lair of Beasts
 10755 | Lair:1   | Found a shadowy altar of Dithmenos.
 10855 | Lair:1   | Found a dark tunnel.
 10865 | Volcano  | Entered a volcano
 10890 | Volcano  | Noticed a two-headed ogre
 10894 | Volcano  | Killed a two-headed ogre
 10957 | Volcano  | Noticed an ogre mage
 10957 | Volcano  | Noticed a two-headed ogre
 10957 | Volcano  | Noticed a two-headed ogre
 10973 | Volcano  | Killed an ogre mage
 10978 | Volcano  | Killed a two-headed ogre
 10980 | Volcano  | Killed a two-headed ogre
 11044 | Volcano  | Noticed a two-headed ogre
 11045 | Volcano  | Noticed a hell knight
 11062 | Volcano  | Killed a two-headed ogre
 11064 | Volcano  | Killed a hell knight
 11305 | Lair:1   | Reached skill level 10 in Spellcasting
 11305 | Lair:1   | Reached skill level 10 in Hexes
 11305 | Lair:1   | Reached skill level 10 in Summonings
 11305 | Lair:1   | Reached skill level 10 in Necromancy
 11305 | Lair:1   | Reached skill level 10 in Translocations
 11305 | Lair:1   | Reached skill level 10 in Fire Magic
 11305 | Lair:1   | Reached skill level 10 in Ice Magic
 11305 | Lair:1   | Reached skill level 10 in Air Magic
 11305 | Lair:1   | Reached skill level 10 in Earth Magic
 11305 | Lair:1   | Reached skill level 10 in Alchemy
 11590 | Lair:1   | Noticed a death yak
 11590 | Lair:1   | Noticed a death yak
 11601 | Lair:1   | Noticed a death yak
 11610 | Lair:1   | Killed a death yak
 11618 | Lair:1   | Killed a death yak
 11619 | Lair:1   | Reached XP level 13. HP: 66/99 MP: 0/0
 11619 | Lair:1   | Learned a level 5 spell: Iskenderun's Battlesphere
 12158 | Lair:2   | Noticed a five-headed hydra
 12237 | Lair:2   | Killed a five-headed hydra
 12373 | Lair:2   | Reached skill level 10 in Shields
 12556 | Lair:2   | Found a staircase to the Snake Pit.
 13397 | Lair:3   | Noticed a six-headed hydra
 13400 | Lair:3   | Killed a six-headed hydra
 13637 | Lair:3   | Identified the +2 ring mail of Syjan {rPois}
 13744 | Lair:3   | Reached XP level 14. HP: 95/106 MP: 0/0
 13950 | Lair:3   | Found a staircase to the Swamp.
 13950 | Lair:3   | Noticed an eleionoma
 13960 | Lair:3   | Killed an eleionoma
 14124 | Lair:3   | Reached skill level 10 in Dodging
 14671 | Lair:3   | Reached *** piety under Ashenzari
 15062 | Lair:4   | Reached skill level 10 in Armour
 15299 | Lair:4   | Reached skill level 15 in Conjurations
 15639 | Lair:4   | Found a staircase to the Slime Pits.
 16021 | Lair:5   | Entered Level 5 of the Lair of Beasts
 16441 | Lair:5   | Reached XP level 15. HP: 100/113 MP: 0/0
 16441 | Lair:5   | Learned a level 6 spell: Conjure Ball Lightning
 17508 | D:12     | Identified the ring of Jyhufy {Fly Int+3}
 17674 | D:12     | Found a staircase to the Orcish Mines.
 19128 | D:12     | Found a staircase to the Orcish Mines.
 19383 | Orc:1    | Entered Level 1 of the Orcish Mines
 19681 | Orc:2    | Entered Level 2 of the Orcish Mines
 19681 | Orc:2    | Found a staircase to the Elven Halls.
 20528 | Orc:2    | Found Biveip's Magic Scroll Boutique.
 20598 | Orc:2    | Found Bucaip's Distillery.
 21364 | Orc:2    | Reached XP level 16. HP: 117/123 MP: 0/0
 21404 | Orc:2    | Found Ederphet's Book Shoppe.
 21404 | Orc:2    | Found Puaff's Antique Weapon Emporium.
 21407 | Orc:2    | Found a one-way gate leading to the halls of Pandemonium.
 21414 | Orc:2    | Bought an encrusted short sword for 200 gold pieces
 21414 | Orc:2    | Identified the +3 short sword "Vamp" {heavy, rC+ Will+++
                  | Dex-3 Stlth+} (You bought it in a shop on level 2 of the
                  | Orcish Mines)
 21501 | Orc:2    | Bought a scroll of blinking for 112 gold pieces
 21568 | Orc:1    | Found a roughly hewn altar of Beogh.
 22007 | D:1      | Bought a glowing kite shield for 202 gold pieces
 22497 | D:13     | Noticed Josephine
 22509 | D:13     | Killed Josephine
 22598 | D:13     | Noticed Lodul
 22605 | D:13     | Killed Lodul
 22755 | D:13     | Noticed a tengu reaver
 22769 | D:13     | Killed a tengu reaver
 23101 | D:13     | You are sucked into a shaft and drop 2 floors!
 23101 | D:15     | Entered Level 15 of the Dungeon
 23104 | D:15     | Found a staircase to the Depths.
 23105 | D:15     | Noticed a fire giant
 23113 | D:15     | Killed a fire giant
 23123 | D:15     | Identified the +0 chain mail of Precision Catastrophes
                  | {rElec rPois}
 23195 | D:15     | Found a gate leading to a gauntlet.
 23239 | Gauntlet | Entered a Gauntlet
 23239 | Gauntlet | Found a transporter.
 23242 | Gauntlet | Found a transporter.
 23246 | Gauntlet | Found a transporter.
 23251 | Gauntlet | Found a transporter.
 23258 | Gauntlet | Found a transporter.
 23258 | Gauntlet | Identified the amulet "Ydeubrifou" {RegenMP ^Drain rPois
                  | Str+3}
 23262 | Gauntlet | Found a transporter.
 23266 | Gauntlet | Found a runed translucent door.
 23267 | Gauntlet | Found a transporter.
 23270 | Gauntlet | Found a runed translucent door.
 23274 | Gauntlet | Found a transporter.
 23278 | Gauntlet | Found a transporter.
 23282 | Gauntlet | Found a runed translucent door.
 23282 | Gauntlet | Found a runed translucent door.
 23283 | Gauntlet | Found a transporter.
 23290 | Gauntlet | Found a transporter.
 23294 | Gauntlet | Found a transporter.
 23299 | Gauntlet | Found a transporter.
 23306 | Gauntlet | Found a transporter.
 23581 | Gauntlet | Identified the +1 battleaxe "Ehuimit" {spect, rC+}
 23597 | Gauntlet | Reached skill level 15 in Fighting
 23940 | D:14     | Found an opulent altar of Gozag.
 24482 | D:13     | Noticed Rupert
 24488 | D:13     | Killed Rupert
 24580 | D:13     | Found a gate to the Vaults.
 24890 | D:14     | Found a glowing silver altar of Zin.
 24927 | D:14     | Reached skill level 15 in Shields
 25265 | D:14     | Reached XP level 17. HP: 117/128 MP: 0/0
 25265 | D:14     | Learned a level 6 spell: Sculpt Simulacrum
 25856 | Snake:1  | Entered Level 1 of the Snake Pit
 27521 | Snake:2  | Found Irodicicuo's Weapon Shop.
 27521 | Snake:2  | Found Yjupraj's Jewellery Boutique.
 27526 | Snake:2  | Found Xiowauss's Weapon Shop.
 27913 | Snake:3  | Noticed Vashnia
 28094 | Snake:3  | Noticed Mara
 28100 | Snake:3  | Noticed Banquo's illusion
 28105 | Snake:2  | Killed Mara
 28200 | Snake:2  | Acquired 1010 gold pieces
 28202 | Snake:2  | Acquired 829 gold pieces
 28478 | D:4      | Bought a scroll of acquirement for 624 gold pieces
 28877 | Snake:3  | Reached XP level 18. HP: 136/144 MP: 0/0
 29180 | Snake:3  | Killed Vashnia
 29490 | Snake:4  | Entered Level 4 of the Snake Pit
 29508 | Abyss:1  | Cast into level 1 of the Abyss (naga)
 29523 | Snake:4  | Escaped the Abyss
 29907 | Snake:4  | Found Opsialie's Tremendous Tomes.
 30116 | Snake:4  | Found Kukhunni's Jewellery Shoppe.
 30234 | Snake:4  | Reached skill level 15 in Spellcasting
 30234 | Snake:4  | Reached skill level 15 in Hexes
 30234 | Snake:4  | Reached skill level 15 in Summonings
 30234 | Snake:4  | Reached skill level 15 in Necromancy
 30234 | Snake:4  | Reached skill level 15 in Translocations
 30234 | Snake:4  | Reached skill level 15 in Fire Magic
 30234 | Snake:4  | Reached skill level 15 in Ice Magic
 30234 | Snake:4  | Reached skill level 15 in Air Magic
 30234 | Snake:4  | Reached skill level 15 in Earth Magic
 30234 | Snake:4  | Reached skill level 15 in Alchemy
 30497 | Snake:4  | Reached **** piety under Ashenzari
 31208 | Snake:4  | Found an iron altar of Okawaru.
 31222 | Snake:4  | Got a serpentine rune of Zot
 31492 | Swamp:1  | Entered Level 1 of the Swamp
 31747 | Swamp:1  | Reached XP level 19. HP: 137/152 MP: 0/0
 31747 | Swamp:1  | Learned a level 7 spell: Enfeeble
 32443 | Swamp:2  | Noticed Jorgrun
 32449 | Swamp:2  | Killed Jorgrun
 32968 | Swamp:3  | Noticed Bai Suzhen
 33163 | Swamp:4  | Entered Level 4 of the Swamp
 33200 | Swamp:4  | Noticed Donald
 33211 | Swamp:4  | Killed Donald
 33463 | Swamp:4  | Noticed Mlioglotl
 33957 | Swamp:4  | Killed Mlioglotl
 34237 | Swamp:4  | Noticed Roxanne
 34265 | Swamp:4  | Got a decaying rune of Zot
 34557 | Swamp:4  | Killed Roxanne
 34744 | Elf:1    | Entered Level 1 of the Elven Halls
 35173 | Elf:1    | Reached XP level 20. HP: 134/158 MP: 0/0
 35871 | Elf:1    | Paralysed by an air elemental for 1 turns
 36258 | Elf:1    | Reached ***** piety under Ashenzari
 36578 | Elf:2    | Found Naffiket's Magic Scroll Shoppe.
 36586 | Elf:2    | Found Varphann's Overcharged Wands.
 36778 | Elf:3    | Entered Level 3 of the Elven Halls
 36881 | Elf:2    | Found a runed translucent gate.
 36881 | Elf:2    | Found a runed translucent gate.
 36883 | Elf:2    | Found a runed translucent gate.
 37426 | Elf:3    | Noticed an Ice Fiend
 37679 | Elf:3    | Identified the +6 great mace "Grim Tooth" {flame, Int+3}
 37926 | Elf:3    | Identified the +9 long sword of Casun {holy, *Noise Will+
                  | Stlth+}
 37926 | Elf:3    | Identified the ring "Cutraz" {*Corrode rF+ rN+ Dex+5}
 38094 | Elf:3    | Identified the +3 battleaxe of Koplaock {flame, Str+3}
 38145 | Elf:3    | Identified the +5 falchion "Toedaniyv" {freeze, Int+6}
 38147 | Elf:3    | Found the +3 giant club "Skullcrusher" {speed, Str+7}
 38614 | Vaults:1 | Entered Level 1 of the Vaults
 38939 | Vaults:1 | Reached XP level 21. HP: 138/167 MP: 0/0
 38939 | Vaults:1 | Learned a level 8 spell: Discord
 41582 | Vaults:3 | Reached XP level 22. HP: 114/178 MP: 0/0
 41640 | Vaults:3 | Noticed Jory
 41661 | Vaults:3 | Killed Jory
 41746 | Vaults:3 | Found a staircase to the Crypt.
 42992 | Vaults:3 | Identified the +7 great sword "Ylahorgh" {freeze, rPois
                  | rC+}
 43838 | Vaults:4 | Identified the +5 spear of Xauth {speed, rElec rC+ Int+3}
 45323 | Depths:1 | Entered Level 1 of the Depths
 45358 | Depths:1 | Found Idumaf's Antique Armour Shop.
 45367 | Depths:1 | Noticed Norris
 45399 | Depths:1 | Killed Norris
 45400 | Depths:1 | Reached XP level 23. HP: 135/186 MP: 0/0
 45400 | Depths:1 | Learned a level 8 spell: Lehudib's Crystal Spear
 46704 | Depths:1 | Reached skill level 27 in Conjurations
 46755 | Depths:1 | Found a gateway to Hell.
 46829 | Depths:1 | Found Rubrav's Magic Scroll Boutique.
 46830 | Depths:1 | Found Witu's Antique Armour Shop.
 46830 | Depths:1 | Found Ditioraehe's Armour Boutique.
 46835 | Depths:1 | Found Neuvoth's General Store.
 48056 | Depths:2 | Found a portal to a secret trove of treasure.
 48112 | Depths:2 | Reached XP level 24. HP: 195/197 MP: 0/0
 48549 | Depths:2 | Noticed a caustic shrike
 48554 | Depths:2 | Killed a caustic shrike
 48813 | Depths:2 | Identified the staff "Koum Isuefall" {rPois rN+ Stlth+ Conj
                  | Alchemy}
 49326 | Depths:2 | Identified Daup's Compendium of Soot
 50182 | Orc:2    | Bought a scroll of teleportation for 45 gold pieces
 50182 | Orc:2    | Bought a scroll of revelation for 112 gold pieces
 50366 | D:4      | Bought a scroll of teleportation for 36 gold pieces
 50366 | D:4      | Bought a scroll of revelation for 90 gold pieces
 50366 | D:4      | Bought a scroll of teleportation for 36 gold pieces
 50626 | Depths:1 | Bought a scroll of teleportation for 39 gold pieces
 50665 | Depths:2 | You paid a toll of 17 scrolls of teleportation to enter a
                  | treasure trove
 50666 | Trove    | Entered a treasure trove
 51114 | Depths:3 | Found a one-way gate to the infinite horrors of the Abyss.
 51687 | Depths:3 | Identified the +5 quick blade of Valiance {elec, Int+2
                  | Stlth+}
 52060 | Depths:4 | Entered Level 4 of the Depths
 52568 | Depths:4 | Reached XP level 25. HP: 197/199 MP: 0/0
 52568 | Depths:4 | Learned a level 8 spell: Ignition
 52622 | Depths:4 | Found Xurunack's Antique Armour Boutique.
 52718 | Depths:4 | Bought a bloodstained leather armour for 231 gold pieces
 52718 | Depths:4 | Identified the +0 leather armour of Stoicism {rN+} (You
                  | bought it in a shop on level 4 of the Depths)
 52718 | Depths:4 | Bought a faintly humming ring mail for 297 gold pieces
 52718 | Depths:4 | Identified the +1 ring mail "Hoshrem" {Str+2} (You bought
                  | it in a shop on level 4 of the Depths)
 52923 | Depths:4 | Found a one-way gateway to a ziggurat.
 53078 | Depths:4 | Found a gate to the Realm of Zot.
 53278 | Depths:4 | Found the +3 hat of Pondering {ponderous, Will+ MP+10
                  | Int+5}
 53297 | Depths:4 | Identified the +1 hat of Wagutsul {-Cast rF+ Stlth+}
 53301 | Depths:4 | Identified the +2 robe "Sekloh" {Str+2 Dex+6}
 53301 | Depths:4 | Found the +5 robe of Night {Dark Will+ SInv}
 53734 | Swamp:3  | Killed Bai Suzhen
 54093 | Slime:1  | Entered Level 1 of the Pits of Slime
 54184 | Slime:2  | Reached skill level 1 in Short Blades
 54348 | Slime:2  | Gained mutation: You occasionally lose the ability to read
                  | scrolls when taking damage. [a shining eye]
 54389 | Slime:3  | Noticed Dissolution
 54393 | Slime:3  | Killed Dissolution
 54813 | Slime:1  | Reached skill level 5 in Short Blades
 55227 | Slime:3  | Found a viscous altar of Jiyva.
 55605 | Slime:5  | Entered Level 5 of the Pits of Slime
 55657 | Slime:5  | Identified the +6 chain mail of the Riding Gods {Will+}
 55681 | Slime:5  | Noticed the Royal Jelly
 55685 | Slime:5  | Killed the Royal Jelly
 55810 | Slime:5  | Got a slimy rune of Zot
 55830 | Slime:5  | Reached XP level 26. HP: 206/215 MP: 0/0
 55959 | Slime:5  | Found the +10 zealot's sword {holy, Zealotry, *Rage rN+
                  | EV+3}
 56246 | Slime:5  | Identified Sif Muna's Incunable of the Massed Prime
                  | Material
 56274 | Slime:5  | Identified the +1 robe of the Sharp Grue {rCorr Int-2 SInv}
 56986 | D:3      | Killed discipleofbeogh's ghost
 57400 | Vaults:5 | Entered Level 5 of the Vaults
 57895 | Vaults:5 | Identified the +0 scale mail of Oczadgh {+Blink Int-4
                  | Dex+8}
 58024 | Vaults:5 | Noticed an ancient lich
 58029 | Vaults:5 | Killed an ancient lich
 58036 | Vaults:5 | Found the crystal ball of Wucad Mu {*channel}
 58461 | Vaults:5 | Got a silver rune of Zot
 58793 | Vaults:5 | Reached XP level 27. HP: 212/224 MP: 0/0
 58793 | Vaults:5 | Learned a level 9 spell: Shatter
 58892 | Vaults:5 | Found Seanguynk's Assorted Antiques.
 58896 | Vaults:5 | Bought a potion of haste for 270 gold pieces
 59145 | Vaults:5 | Identified the +11 war axe "Butip" {freeze, rElec rN+++
                  | Stlth-} (You took it off a yaktaur captain on level 5 of
                  | the Vaults)
 59437 | Vaults:5 | Noticed a dread lich
 59465 | Vaults:5 | Killed a dread lich
 59635 | Vaults:5 | Found Seanguynk's Assorted Antiques.
 60651 | Snake:2  | Bought the amulet of the Jumping Enemy {rN+ Will+ Regen+
                  | MP-9 Int+3} for 376 gold pieces
 61110 | Temple   | Fell from the grace of Ashenzari
 61110 | Temple   | Became a worshipper of the Shining One
 61520 | Crypt:1  | Entered Level 1 of the Crypt
 61583 | Crypt:1  | Reached * piety under the Shining One
 61797 | Vaults:3 | Found a staircase to the Crypt.
 62096 | Vaults:3 | Reached skill level 1 in Invocations
 62343 | D:11     | Lost mutation: You occasionally lose the ability to read
                  | scrolls when taking damage. [potion of mutation]
 62343 | D:11     | Gained mutation: You are partially covered in iridescent
                  | scales. (AC +2) [potion of mutation]
 62660 | Crypt:1  | Reached ** piety under the Shining One
 62949 | Crypt:1  | Reached *** piety under the Shining One
 62991 | Crypt:1  | Reached **** piety under the Shining One
 63487 | Crypt:1  | Identified the +2 shortbow "Lofiax" {freeze, rPois Will+
                  | MP+9 Str-2}
 64439 | Crypt:2  | Reached ***** piety under the Shining One
 64944 | Crypt:2  | Reached ****** piety under the Shining One
 64987 | Crypt:2  | Reached skill level 5 in Invocations
 65365 | Crypt:3  | Entered Level 3 of the Crypt
 65526 | Crypt:3  | Found a staircase to the Tomb.
 65778 | Crypt:3  | Reached skill level 27 in Ice Magic
 66298 | Crypt:3  | Identified the +1 ring mail of Cuorae {rF+ rC+}
 66694 | Crypt:3  | Noticed an ancient lich
 66704 | Crypt:3  | Killed an ancient lich
 67598 | Orc:2    | Bought a potion of might for 64 gold pieces
 67598 | Orc:2    | Bought a potion of might for 64 gold pieces
 67598 | Orc:2    | Bought a potion of brilliance for 64 gold pieces
 67598 | Orc:2    | Bought a potion of mutation for 128 gold pieces
 67598 | Orc:2    | Bought a potion of curing for 48 gold pieces
 67598 | Orc:2    | Bought a potion of curing for 48 gold pieces
 67598 | Orc:2    | Bought a potion of cancellation for 128 gold pieces
 67598 | Orc:2    | Bought a potion of mutation for 128 gold pieces
 67598 | Orc:2    | Bought a potion of enlightenment for 80 gold pieces
 67908 | Zot:1    | Entered Level 1 of the Realm of Zot
 69760 | Zot:2    | Was forgiven by Ashenzari
 69782 | Zot:2    | Identified the +9 spear "Uberud" {heavy, +Blink rPois
                  | Will++ Int-4 SInv}
 69898 | Zot:2    | Identified the +5 war axe of Past Mistakes {freeze, rF+
                  | rCorr Int-2}
 70933 | Zot:3    | Noticed a Killer Klown
 70942 | Zot:3    | Killed a Killer Klown
 71002 | Zot:3    | Noticed an orb of fire
 71008 | Zot:3    | Killed an orb of fire
 71817 | Zot:3    | Noticed an orb of fire
 72979 | Zot:4    | Reached skill level 10 in Invocations
 73094 | Zot:4    | Identified the orb of the Teacher {*Rage, Harm rC+ Will+
                  | Str-4}
 73427 | Zot:5    | Entered Level 5 of the Realm of Zot
 73987 | Zot:5    | Noticed an ancient lich
 73992 | Zot:5    | Killed an ancient lich
 73992 | Zot:5    | Noticed a dread lich
 73998 | Zot:5    | Killed a dread lich
 74049 | Zot:5    | Reached skill level 15 in Dodging
 74059 | Zot:5    | Noticed a Killer Klown
 74091 | Zot:5    | Noticed an orb of fire
 74103 | Zot:5    | Killed an orb of fire
 74105 | Zot:5    | Killed a Killer Klown
 74130 | Zot:5    | Noticed a Killer Klown
 74135 | Zot:5    | Killed a Killer Klown
 74168 | Zot:5    | Noticed an orb of fire
 74170 | Zot:5    | Gained mutation: You sometimes lose your temper in combat.
                  | [an orb of fire]
 74173 | Zot:5    | Gained mutation: You are dopey. (Int -2) [an orb of fire]
 74175 | Zot:5    | Gained mutation: Armour fits poorly on your strangely
                  | shaped body. [an orb of fire]
 74175 | Zot:5    | Gained mutation: You are very vulnerable to cold. (rC--)
                  | [an orb of fire]
 74176 | Zot:5    | Killed an orb of fire
 74223 | Zot:4    | Lost mutation: You sometimes lose your temper in combat.
                  | [potion of mutation]
 74223 | Zot:4    | Lost mutation: You are partially covered in iridescent
                  | scales. (AC +2) [potion of mutation]
 74223 | Zot:4    | Gained mutation: Your spells are a little easier to cast,
                  | but a little less powerful. [potion of mutation]
 74223 | Zot:4    | Gained mutation: Your health recovers twice as slowly from
                  | being drained. [potion of mutation]
 74223 | Zot:4    | Lost mutation: You are dopey. (Int -2) [potion of mutation]
 74224 | Zot:4    | Lost mutation: Your health recovers twice as slowly from
                  | being drained. [potion of mutation]
 74224 | Zot:4    | Lost mutation: Your spells are a little easier to cast, but
                  | a little less powerful. [potion of mutation]
 74224 | Zot:4    | Gained mutation: Your mind is acute. (Int +4, Str/Dex -1)
                  | [potion of mutation]
 74224 | Zot:4    | Lost mutation: You are very vulnerable to cold. (rC--)
                  | [potion of mutation]
 74224 | Zot:4    | Gained mutation: You are agile. (Dex +4, Str/Int -1)
                  | [potion of mutation]
 74224 | Zot:4    | Gained mutation: Your spells are a little harder to cast,
                  | but a little more powerful. [potion of mutation]
 74228 | Zot:5    | Noticed an orb of fire
 74231 | Zot:5    | Killed an orb of fire
 74282 | Zot:5    | Noticed a Killer Klown
 74284 | Zot:5    | Killed a Killer Klown
 74407 | Zot:5    | Noticed a Killer Klown
 74428 | Zot:5    | Killed a Killer Klown
 74628 | Zot:5    | Noticed a Killer Klown
 74632 | Zot:5    | Killed a Killer Klown
 74703 | Zot:5    | Noticed an ancient lich
 74709 | Zot:5    | Killed an ancient lich
 74746 | Zot:5    | Noticed a Killer Klown
 74748 | Zot:5    | Killed a Killer Klown
 74755 | Zot:5    | Noticed an orb of fire
 74761 | Zot:5    | Killed an orb of fire
 74828 | Zot:5    | Noticed a Killer Klown
 74831 | Zot:5    | Killed a Killer Klown
 74867 | Zot:5    | Noticed a Killer Klown
 74869 | Zot:5    | Killed a Killer Klown
 75746 | Zig:1    | Entered Level 1 of a ziggurat
 75762 | Zig:2    | Entered Level 2 of a ziggurat
 75766 | Zig:2    | Reached skill level 1 in Polearms
 75767 | Zig:2    | Reached skill level 1 in Long Blades
 75781 | Zig:3    | Entered Level 3 of a ziggurat
 75804 | Zig:4    | Entered Level 4 of a ziggurat
 75827 | Zig:4    | Identified the +13 ice dragon scales "Icvia" {Harm +Blink
                  | rF- rC++}
 75864 | Zig:5    | Entered Level 5 of a ziggurat
 75877 | Zig:5    | Identified the +4 falchion "Concordance" {protect, rPois
                  | Dex+5 SInv}
 75881 | Zig:5    | Identified the staff of the Reaper {rF+ Will+ Fire}
 75889 | Zig:6    | Entered Level 6 of a ziggurat
 75921 | Zig:6    | Identified the amulet of Riyzxafydd {RegenMP ^Fragile rC++
                  | rN+ Dex+4}
 75939 | Zig:7    | Entered Level 7 of a ziggurat
 75948 | Zig:7    | Reached skill level 5 in Polearms
 75995 | Zig:8    | Entered Level 8 of a ziggurat
 76056 | Zig:8    | Reached skill level 5 in Long Blades
 76067 | Zig:9    | Entered Level 9 of a ziggurat
 76091 | Zig:9    | Identified the +0 plate armour "Qiotrolu" {+Inv rN+ Int+4}
 76125 | Zig:10   | Entered Level 10 of a ziggurat
 76171 | Zig:11   | Entered Level 11 of a ziggurat
 76215 | Zig:11   | Identified the +11 quarterstaff of Doors {venom, rC+ Str-2
                  | Int+6 SInv}
 76245 | Zig:12   | Entered Level 12 of a ziggurat
 76245 | Zig:12   | Noticed a dread lich
 76248 | Zig:12   | Killed a dread lich
 76312 | Zig:12   | Noticed a royal mummy
 76312 | Zig:12   | Noticed a royal mummy
 76316 | Zig:12   | Killed a royal mummy
 76316 | Zig:12   | Killed a royal mummy
 76317 | Zig:12   | Reached skill level 10 in Polearms
 76450 | Zig:12   | Identified the amulet "Seug" {Acrobat ^Fragile rF+ Dex+3}
 76454 | Zig:12   | Identified the +1 ice dragon scales "Fusuc" {rF- rC++
                  | Str+3}
 76459 | Zig:12   | Identified the ring "Hicotirph" {Ice rN++ Will++ Str-3}
 76463 | Zig:12   | Identified the +8 mace of Income {freeze, +Blink Dex+5}
 76482 | Zig:13   | Entered Level 13 of a ziggurat
 76490 | Zig:13   | Noticed a dread lich
 76493 | Zig:13   | Noticed an ancient lich
 76494 | Zig:13   | Killed a dread lich
 76497 | Zig:13   | Killed an ancient lich
 76498 | Zig:13   | Noticed an ancient lich
 76500 | Zig:13   | Noticed an ancient lich
 76502 | Zig:13   | Killed an ancient lich
 76502 | Zig:13   | Killed an ancient lich
 76577 | Zig:13   | Identified the amulet "Haduec" {Faith Rampage Will+ Regen+}
 76581 | Zig:13   | Identified the ring "Cafrua" {rC++ Will- MP+9 Str+8 Int+4}
 76583 | Zig:13   | Identified the +6 short sword "Niofokhlo" {heavy, rPois}
 76616 | Zig:14   | Entered Level 14 of a ziggurat
 76667 | Zig:14   | Identified the +2 ring mail of Failure {rPois Int+2}
 76668 | Zig:14   | Identified the staff of Soft Guilt {rElec Int+3 Conj Air}
 76674 | Zig:14   | Identified the +2 great sword of Earthquakes {freeze, Fly
                  | rElec rC+ Dex-5}
 76696 | Zig:15   | Entered Level 15 of a ziggurat
 76714 | Zig:15   | Noticed a dread lich
 76716 | Zig:15   | Noticed an ancient lich
 76716 | Zig:15   | Noticed an ancient lich
 76719 | Zig:15   | Killed a dread lich
 76719 | Zig:15   | Noticed an ancient lich
 76720 | Zig:15   | Killed an ancient lich
 76720 | Zig:15   | Killed an ancient lich
 76722 | Zig:15   | Killed an ancient lich
 76722 | Zig:15   | Noticed an ancient lich
 76723 | Zig:15   | Killed an ancient lich
 76724 | Zig:15   | Reached skill level 15 in Invocations
 76769 | Zig:16   | Entered Level 16 of a ziggurat
 76861 | Zig:16   | Identified the staff "Saett" {rC+ Tloc Ice}
 76866 | Zig:16   | Identified the ring "Liuck" {Fire Dex+5 Slay+2}
 76879 | Zig:17   | Entered Level 17 of a ziggurat
 76896 | Zig:17   | Reached skill level 27 in Shields
 76970 | Zig:17   | Identified the amulet of Liberalism {Acrobat rPois Dex-2
                  | SInv}
 77002 | Zig:18   | Entered Level 18 of a ziggurat
 77021 | Zig:18   | Reached skill level 10 in Short Blades
 77021 | Zig:18   | Noticed an ancient lich
 77023 | Zig:18   | Killed an ancient lich
 77069 | Zig:18   | Identified the +1 quarterstaff "Banquo's Foe" {freeze, rC+
                  | rN+ Str+2}
 77087 | Zig:18   | Identified the amulet of Mistrust {Reflect Harm *Corrode
                  | +Inv SH+5 SInv}
 77100 | Zig:18   | Identified the +7 great mace "Iczy" {speed, Str+4}
 77117 | Zig:19   | Entered Level 19 of a ziggurat
 77236 | Zig:19   | Identified the +0 fire dragon scales of Fun and Games
                  | {Rampage rF++ rC- rN+ rCorr Int-3}
 77240 | Zig:19   | Identified the ring "Foqoxtu" {^Drain Fly rPois Str+2
                  | Slay+4}
 77271 | Zig:20   | Entered Level 20 of a ziggurat
 77347 | Zig:20   | Identified the ring "Uladekhi" {rF+ rC- Will- Str+9 Int+3}
 77395 | Zig:21   | Entered Level 21 of a ziggurat
 77408 | Zig:21   | Noticed Foichi Kahu the pandemonium lord
 77411 | Zig:21   | Killed Foichi Kahu the pandemonium lord
 77415 | Zig:21   | Noticed Ystrelus the pandemonium lord
 77417 | Zig:21   | Noticed Fuur Num the pandemonium lord
 77420 | Zig:21   | Killed Ystrelus the pandemonium lord
 77449 | Zig:21   | Killed Fuur Num the pandemonium lord
 77449 | Zig:21   | Noticed Woerch the pandemonium lord
 77452 | Zig:21   | Noticed a Killer Klown
 77452 | Zig:21   | Noticed Tetufi Nigh the pandemonium lord
 77465 | Zig:21   | Noticed Odghuaty the pandemonium lord
 77466 | Zig:21   | Noticed a Killer Klown
 77467 | Zig:21   | Noticed Wepitaikur the pandemonium lord
 77467 | Zig:21   | Noticed Kaosk the pandemonium lord
 77467 | Zig:21   | Noticed a Killer Klown
 77469 | Zig:21   | Killed Odghuaty the pandemonium lord
 77471 | Zig:21   | Killed a Killer Klown
 77471 | Zig:21   | Killed a Killer Klown
 77471 | Zig:21   | Noticed Wuigah the pandemonium lord
 77473 | Zig:21   | Noticed Diufrutzeo the pandemonium lord
 77474 | Zig:21   | HP: 9/224 [Wuigah the pandemonium lord/bolt of dispelling
                  | energy (25)]
 77474 | Zig:21   | Killed a Killer Klown
 77475 | Zig:21   | Mangled by Wepitaikur the pandemonium lord

Illustrated notes

Levels and vault maps discovered:
D:1:      dpeg_arrival_arbitrary_a, layout_loops_ring, serial_shops, shop,
          nicolae_shop_behind_doors, nicolae_shop_rolled_up,
          nicolae_shop_real_fake_doors, shop, serial_park_tiny_pond,
          minmay_tall_x
D:2:      layout_basic, st_stairs_1
D:3:      layout_basic, mainiacjoe_overflow_boulevard, fedhas_altar_2,
          gammafunk_ghost_mausoleum, minmay_liquid_box
D:4:      dreamdust_elfheim, layout_loops_ring, serial_shops, shop
D:5:      layout_gridville, mainiacjoe_overflow_swirl,
          minmay_temple_entry_glassed_door, kennysheep_cross_bottleneck,
          serial_bayou_lake_a
D:6:      nicolae_cairo_tiling_large, layout_loops_ring
D:7:      layout_basic, kennysheep_mini_moat, lemuel_flamethrower_1
D:8:      layout_gridville, minmay_manual_mail
D:9:      layout_cave_pools, serial_column_ruins, column_ruins_pillar_2,
          column_ruins_pillar_1, column_ruins_pillar_1, column_ruins_pillar_1,
          column_ruins_pillar_8, column_ruins_pillar_1, column_ruins_pillar_5,
          column_ruins_pillar_6, column_ruins_pillar_5, column_ruins_pillar_1,
          column_ruins_pillar_2, column_ruins_pillar_2, column_ruins_pillar_4,
          column_ruins_pillar_8, column_ruins_pillar_6, column_ruins_pillar_1,
          uniq_erolcha
D:10:     layout_gridville, minmay_misc_feat_roman, nicolae_twisting_strands,
          dreamdust_wishing_well, roderic_serpentine_path
D:11:     layout_long_grid, lair_entry_dummy, chequers_serial_rivers_small_3,
          hangedman_misty_isle, uniq_psyche
D:12:     layout_basic, orc_0_dummy
D:13:     minmay_mutant_horseshoe, layout_cave_pods, ximxim_vaults_locker_room,
          uniq_rupert, uniq_lodul, uniq_josephine
D:14:     dreamdust_under_siege, layout_basic, nicolae_gozag_seed_capital,
          minmay_misc_feat_columns
D:15:     grunt_enter_depths_giant_problem, layout_rooms,
          gauntlet_entry_generic, chequers_serial_rivers_room_b
Temple:   bh_familiar_temple
Lair:1:   layout_chaotic_city, basic_altar, enter_volcano_1
Lair:2:   layout_chaotic_city, minmay_snake_entry_guardpost_small
Lair:3:   layout_regular_city, alex1729_swamp_entry_worm_eleionoma, st_stairs_9,
          grunt_forest_large_clearing_hut
Lair:4:   layout_regular_city, slime_entry_2, lemuel_fruit_fields,
          grunt_megastairs_3
Lair:5:   wormcave, layout_loops_ring, guppyfry_lair_end_dragon,
          grunt_megastairs_5, infiniplex_staircase_pool_2
Swamp:1:  layout_basic_swamp, evilmike_swamp_ruin_house_2
Swamp:2:  layout_falls_marsh, nicolae_swamp_decorative_isthmus, uniq_jorgrun
Swamp:3:  layout_basic_swamp, nicolae_swamp_well_well_well, uniq_bai_suzhen
Swamp:4:  swamp_alternative, layout_basic_swamp, uniq_roxanne, uniq_donald,
          uniq_mlioglotl
Snake:1:  layout_honeycomb
Snake:2:  layout_grid_maze, minmay_shop_star
Snake:3:  layout_misc_corridors, grunt_ministairs_10, uniq_vashnia, uniq_mara
Snake:4:  grunt_snake_rune_serpentine_throne, layout_cave_town,
          nicolae_shop_i_like_big_books, drop_trap,
          minmay_shop_enchanted_jewellery
Slime:1:  layout_caves
Slime:2:  layout_caves
Slime:3:  layout_caves, basic_altar, dissolution_awaits
Slime:4:  layout_caves
Slime:5:  slime_pit_nicolae_inversion
Orc:1:    layout_caves, mines1_david
Orc:2:    pf_orc_diabolical, layout_diamond_mine
Elf:1:    eino_elf_arrival_sip, layout_loops_corners, evilmike_minifort
Elf:2:    elven_hall_of_blades_hangedman_original [mumra_blade_entry_bloodbath],
          layout_geoelf_diagonals, serial_shops, nicolae_shop_advertising_works
          [nicolae_subvault_shop_adworks], nicolae_shop_overcharged_wands
Elf:3:    elf_hall_gauntlet_narrow, layout_rooms
Vaults:1: vaults_room_grid, v_misc_28, v_misc_12,
          nicolae_vaults_inception_scallops, vaults_room_door_ring,
          nicolae_vaults_storage_closets_3, v_misc_3,
          nicolae_vaults_tetromino_Z_2, nicolae_vaults_rhombus_7,
          nicolae_vaults_yaktaur_gun_rack, grunt_vaults_diagonal,
          layout_vaults_omnicross
Vaults:2: nicolae_vaults_heart-shaped_vault, lightli_orcish_oven,
          vaults_standard_mumra_x, vaults_dpeg_encased_lava,
          nicolae_vaults_diamond_1, v_misc_2, nicolae_vaults_tetromino_T_1,
          nicolae_vaults_security_offices_1, layout_vaults_big_room
Vaults:3: ontoclasm_vaults_idyll, nicolae_vaults_shrinking_rooms_1,
          nicolae_vaults_sealed_display, minmay_crypt_entry_simple_sparse,
          v_misc_11, v_misc_27, vaults_mumra_lcd,
          nicolae_vaults_surprise_closet, nicolae_vaults_mini_display_case,
          nicolae_vaults_tetromino_Z_2, vaults_dpeg_diagonal,
          layout_vaults_omnigrid, uniq_jory
Vaults:4: hangedman_vaults_trim, nicolae_vaults_trapezoid_lopsided_4,
          nicolae_vaults_network_periphery, nicolae_vaults_turnstiles,
          grunt_vaults_hallway_short, nicolae_vaults_little_squares_3,
          v_pattern_5, dpeg_vaults_monster_row,
          nicolae_vaults_trapezoid_lopsided_1, v_misc_33,
          nicolae_vaults_security_offices_3, layout_vaults_maze
Vaults:5
Crypt:1:  layout_catacombs, grunt_ministairs_13, st_stairs_13,
          serial_sigils_hangedman_shear
Crypt:2:  layout_chaotic_city, roderic_lattice_octagonal_star,
          grunt_megastairs_1
Crypt:3:  due_elkab, layout_chaotic_city, tomb_entry_simple_bobbens,
          minivault_19
Depths:1: layout_gridlike, hell_entry, minmay_misc_feat_tower, pan_entry,
          serial_shops, shop_coins, nrook_pool_corridor, minmay_alternating_orb,
          minmay_shoptagon, uniq_norris
Depths:2: minmay_the_grid_square_5x5_5x5_mashed
          [minmay_the_grid_square_5x5_minivault,
          minmay_the_grid_square_5x5_broken_cross, minmay_the_grid_square_5x5_c,
          minmay_the_grid_square_5x5_two_small,
          minmay_the_grid_square_5x5_inner_z,
          minmay_the_grid_square_5x5_hourglass,
          minmay_the_grid_square_5x5_prize_itemx,
          minmay_the_grid_square_5x5_inset,
          minmay_the_grid_square_5x5_prize_gold,
          minmay_the_grid_square_5x5_shrine2, minmay_the_grid_square_5x5_n,
          minmay_the_grid_square_5x5_forky,
          minmay_the_grid_square_5x5_prize_waves,
          minmay_the_grid_square_5x5_three_walls,
          minmay_the_grid_square_5x5_inverted_slash,
          minmay_the_grid_square_5x5_meh, minmay_the_grid_square_5x5_prize_open,
          minmay_the_grid_square_5x5_sharp_hourglass,
          minmay_the_grid_square_5x5_prize_junk,
          minmay_the_grid_square_5x5_tetrominoes,
          minmay_the_grid_square_5x5_seven, minmay_the_grid_square_5x5_shuriken,
          minmay_the_grid_square_5x5_slash,
          minmay_the_grid_square_5x5_bracketed,
          minmay_the_grid_square_5x5_fat_x], layout_honeycomb, enter_trove_5,
          rand_demon_pan_entry_8, minmay_misc_feat_more_columns,
          grunt_hell_entry_dis_mu
Depths:3: minmay_shoctagon, layout_cross, abyss_entry, grunt_mini_vestibule,
          hangedman_abyss_or_decor_stagger, hangedman_decor_lopped,
          infiniplex_staircase_pool_1
Depths:4: grunt_zot_entry_bicorn, layout_cave_pools, enter_ziggurat_b,
          hell_entry, nrook_mini_backslash, serial_shops,
          nicolae_shop_tiny_statue_garden, grunt_tower_of_power
Zot:1:    layout_misc_corridors, regret_index_zotdec_banners, grunt_megastairs_4
Zot:2:    lemuel_halls_of_wrath, layout_misc_corridors, st_stairs_9
Zot:3:    lemuel_firehouse, layout_onion, nrook_zot_tub
Zot:4:    hangedman_orp_of_zott, layout_gridlike, regret_index_zotdec_onion_hex
Zot:5:    layout_gridlike
Zig:21

Skill      XL: |  1  2  3  4  5  6  7  8  9 10 11 12 13 14 15 16 17 18 19 20 21 22 23 24 25 26 27 |
---------------+----------------------------------------------------------------------------------+-----
Fighting       | 1 2 3 4 5 6 8 10 11 12 14 15 16 17 19 20 21 22 23 24 26 | 26.0
Spellcasting   | 4 5 6 8 9 10 11 12 13 14 15 16 17 18 19 20 21 22 23 26 | 26.7
Conjurations   | 4 5 6 7 10 12 13 14 15 16 18 19 20 21 23 24 26 27 | 27.0
Hexes          | 4 5 6 8 9 10 11 12 13 14 15 16 17 18 19 20 21 22 23 26 | 26.7
Summonings     | 4 5 6 8 9 10 11 12 13 14 15 16 17 18 19 20 21 22 23 26 | 26.7
Necromancy     | 4 5 6 8 9 10 11 12 13 14 15 16 17 18 19 20 21 22 23 26 | 26.7
Translocations | 4 5 6 8 9 10 11 12 13 14 15 16 17 18 19 20 21 22 23 26 | 26.7
Fire Magic     | 4 5 6 8 9 10 11 12 13 14 15 16 17 18 19 20 21 22 23 26 | 26.7
Ice Magic      | 4 5 6 8 9 10 11 12 13 14 15 16 17 18 19 20 22 23 25 27 | 27.0
Air Magic      | 4 5 6 8 9 10 11 12 13 14 15 16 17 18 19 20 21 22 23 26 | 26.7
Earth Magic    | 4 5 6 8 9 10 11 12 13 14 15 16 17 18 19 20 21 22 23 26 | 26.7
Alchemy        | 4 5 6 8 9 10 11 12 13 14 15 16 17 18 19 20 21 22 23 26 | 26.7
Dodging        | 3 4 5 6 8 9 10 11 12 18 | 18.0
Armour         | 2 4 5 6 8 9 10 14 | 14.0
Shields        | 6 9 11 12 13 15 16 18 19 20 21 27 | 27.0
Short Blades   | 7 8 12 | 12.8
Invocations    | 15 | 15.0
Polearms       | 12 | 12.0
Long Blades    | 8 |  8.8
Stealth        | |  1.5

Action                     |  1- 3 |  4- 6 |  7- 9 | 10-12 | 13-15 | 16-18 | 19-21 | 22-24 | 25-27 || total
---------------------------+-------+-------+-------+-------+-------+-------+-------+-------+-------++-------
  Melee: Spear             |       |       |       |     2 |       |       |       |       |    23 ||    25
         Staff             |       |       |       |       |     4 |       |       |       |       ||     4
   Cast: Shock             |    50 |   164 |    28 |    20 |   122 |    55 |     1 |       |       ||   440
         Stone Arrow       |       |       |    46 |    55 |   259 |   343 |   496 |   398 |   395 ||  1992
         Airstrike         |       |       |    45 |   165 |   317 |   313 |   271 |   259 |   558 ||  1928
         Call Imp          |       |       |     1 |    10 |    16 |     3 |     1 |     1 |     1 ||    33
         Summon Mana Viper |       |       |       |    17 |    28 |    33 |    12 |     9 |       ||    99
         Swiftness         |       |       |       |     1 |     1 |     1 |       |     1 |     2 ||     6
         Iskenderun's Batt |       |       |       |       |    75 |   148 |   163 |   146 |   272 ||   804
         Static Discharge  |       |       |       |       |     2 |     2 |       |       |     2 ||     6
         Conjure Ball Ligh |       |       |       |       |    10 |    41 |    35 |    17 |    23 ||   126
         Sculpt Simulacrum |       |       |       |       |       |     2 |     1 |     1 |       ||     4
         Enfeeble          |       |       |       |       |       |       |    27 |    16 |    19 ||    62
         Discord           |       |       |       |       |       |       |     8 |    41 |    34 ||    83
         Lehudib's Crystal |       |       |       |       |       |       |       |   109 |   415 ||   524
         Ignition          |       |       |       |       |       |       |       |       |   130 ||   130
         Shatter           |       |       |       |       |       |       |       |       |   306 ||   306
 Invoke: Curse Item        |       |       |     3 |       |     2 |     2 |     1 |     2 |       ||    10
         Shatter the Chain |       |       |       |       |       |     1 |       |     1 |       ||     2
         Divine Shield     |       |       |       |       |       |       |       |       |    14 ||    14
         Summon Divine War |       |       |       |       |       |       |       |       |     2 ||     2
    Use: Scroll            |       |     5 |     4 |     3 |       |     3 |     1 |     4 |    11 ||    31
         Potion            |       |       |       |       |       |     1 |       |       |    14 ||    15
 Armour: Robe              |     3 |    11 |     3 |       |       |       |       |       |       ||    17
         Leather armour    |       |       |       |    24 |    90 |     8 |       |       |       ||   122
         Troll leather arm |       |       |       |       |       |   173 |   132 |   155 |   366 ||   826
  Dodge: Dodged            |     1 |    11 |     3 |    17 |    75 |   105 |    89 |   119 |   188 ||   608
  Block: Buckler           |       |       |       |     9 |    61 |     2 |       |       |       ||    72
         Kite shield       |       |       |       |       |       |   124 |   139 |   121 |   270 ||   654
         Reflection        |       |       |       |       |       |    31 |    39 |    21 |    27 ||   118

Table legend: (Time is in decaauts)
 A = Elapsed time spent in this place.
 B = Non-inter-level travel time spent in this place.
 C = Inter-level travel time spent in this place.
 D = Time resting spent in this place.
 E = Time spent auto-exploring this place.
 F = Levels seen in this place.
 G = Mean time per level.
                   A        B        C        D        E       F      G
               +--------+--------+--------+--------+--------+-----+--------+
         Total |  77771 |  62635 |  15136 |   9555 |  26041 |  81 |  960.1 |
       Dungeon |  20004 |  14001 |   6003 |   1496 |   8592 |  15 | 1333.6 |
        Temple |    112 |     38 |     74 |      0 |      0 |   1 |  112.0 |
          Lair |   7541 |   5790 |   1751 |   1238 |   2715 |   5 | 1508.2 |
         Swamp |   3305 |   2764 |    541 |    505 |   1035 |   4 |  826.2 |
     Snake Pit |   5277 |   4334 |    943 |    541 |   1336 |   4 | 1319.2 |
    Slime Pits |   2598 |   2403 |    195 |    507 |   1291 |   5 |  519.6 |
  Orcish Mines |   2631 |   2151 |    480 |    325 |    605 |   2 | 1315.5 |
   Elven Halls |   3689 |   3195 |    494 |    412 |    706 |   3 | 1229.7 |
        Vaults |  10733 |   8972 |   1761 |   1258 |   2907 |   5 | 2146.6 |
         Crypt |   4726 |   4359 |    367 |    196 |   2663 |   3 | 1575.3 |
        Depths |   7397 |   5736 |   1661 |   1030 |   1770 |   4 | 1849.2 |
           Zot |   7180 |   6319 |    861 |   1672 |   2334 |   5 | 1436.0 |
         Abyss |     14 |     14 |      0 |      0 |      0 |   1 |   14.0 |
      Ziggurat |   1713 |   1713 |      0 |    284 |      0 |  21 |   81.6 |
         Trove |     78 |     78 |      0 |      0 |      0 |   1 |   78.0 |
       Volcano |    333 |    333 |      0 |     17 |     78 |   1 |  333.0 |
      Gauntlet |    432 |    432 |      0 |     73 |      9 |   1 |  432.0 |
               +--------+--------+--------+--------+--------+-----+--------+

Top non-repeatable levels by time:
Depths:2: 3042 daAuts
Vaults:3: 2954 daAuts
Vaults:5: 2896 daAuts
    D:12: 2486 daAuts
    D:13: 2289 daAuts
Depths:1: 2193 daAuts
   Orc:2: 2041 daAuts
 Crypt:1: 1874 daAuts
 Crypt:3: 1849 daAuts
Vaults:1: 1807 daAuts
   Zot:5: 1754 daAuts
 Snake:4: 1736 daAuts
     D:8: 1707 daAuts
  Lair:3: 1633 daAuts
Vaults:2: 1622 daAuts
